 Dungeon Crawl Stone Soup version 0.27-a0-676-gc1da3516c2 (webtiles) character file.

Game seed: 13288149120381857305

331 DasRunzen the Conjurer (level 6, -3/49 HPs)
             Began as a Demigod Conjurer on Mar 18, 2021.
             Slain by a two-headed ogre
             ... wielding a +0 giant club
              (23 damage)
             ... on level 3 of the Dungeon.
             The game lasted 00:07:06 (3507 turns).

DasRunzen the Conjurer (Demigod Conjurer)           Turns: 3507, Time: 00:07:07

Health: -3/49      AC:  2    Str: 16    XL:     6   Next: 5%
Magic:  6/13       EV: 12    Int: 20    God:
Gold:   100        SH:  0    Dex: 12    Spells: 8/11 levels left

rFire    . . .     SeeInvis .   b - +0 dagger
rCold    . . .     Faith    .   (no shield)
rNeg     . . .     Spirit   .   a - +0 robe
rPois    .         Reflect  .   (no helmet)
rElec    .         Harm     .   (no cloak)
rCorr    .         Rampage  .   (no gloves)
Will     .....                  (no boots)
Stlth    ++........             (no amulet)
HPRegen  0.16/turn              (no ring)
MPRegen  0.13/turn              (no ring)

@: no status effects
A: high mp 1, forlorn
a: no special abilities


You were on level 3 of the Dungeon.
You visited 1 branch of the dungeon, and saw 3 of its levels.
You also visited: Sewer.

You collected 100 gold pieces.

Inventory:

Hand Weapons
 b - a +0 dagger (weapon)
Armour
 a - a +0 robe (worn)
Wands
 f - a wand of iceblast (6)
 i - a wand of digging (3)
Scrolls
 d - 3 scrolls of identify
 e - a scroll of teleportation {unknown}
 k - a scroll of fear {unknown}
Potions
 c - 2 potions of flight
 g - a potion of heal wounds
 h - a potion of curing {unknown}
 j - a potion of lignification {unknown}


   Skills:
 + Level 2.3 Fighting
 + Level 2.3 Armour
 + Level 3.0 Dodging
 - Level 1.7 Stealth
 + Level 3.0 Spellcasting
 + Level 4.4 Conjurations


You had 8 spell levels left.
You knew the following spells:

 Your Spells              Type           Power      Damage    Failure   Level
a - Magic Dart            Conj           80%        1d7       2%          1
b - Searing Ray           Conj           40%        3d4       3%          2

Your spell library contained the following spells:

 Spells                   Type           Power      Damage    Failure   Level
 Dazzling Flash           Conj/Hex       22%        N/A       17%         3
 Fulminant Prism          Conj/Hex       5%         3d7       50%         4
 Iskenderun's Mystic Bla  Conj/Tloc      11%        2d4       50%         4


Dungeon Overview and Level Annotations

Branches:
Dungeon (3/15)              Sewer (visited)


Innate Abilities, Weirdness & Mutations

Your attributes grow dramatically as you level up.
You have an increased reservoir of magic. (+10% MP)
You shall have no god before yourself.


Message History

Aiming: Magic Dart (safe; 2% risk of failure)
Press: ? - help, Shift-Dir - straight line, f/p - dart slug
Aim: a dart slug (severely wounded, 0% to evade)
The magic dart hits the dart slug.
You kill the dart slug!
You see here a giant cockroach corpse.
You now have 100 gold pieces (gained 8).
A two-headed ogre comes into view.
It is wielding a +0 giant club and a +0 giant spiked club.
The two-headed ogre shouts in stereo!
Casting: Magic Dart (safe; 2% risk of failure)
Confirm with . or Enter, or press ? or * to list all spells.
Aiming: Searing Ray (safe; 3% risk of failure)
Press: ? - help, Shift-Dir - straight line, f - two-headed ogre
Aim: a two-headed ogre, wielding a +0 giant club and a +0 giant spiked club (11% to evade)
The searing ray hits the two-headed ogre!
The two-headed ogre is lightly wounded. (Press . to maintain the ray.)
The searing ray hits the two-headed ogre!
The two-headed ogre is moderately wounded.
The searing ray hits the two-headed ogre!
The two-headed ogre is heavily wounded.
The two-headed ogre hits you with a +0 giant club!
The two-headed ogre closely misses you.
The searing ray hits the two-headed ogre!
The two-headed ogre is severely wounded.
You finish channeling your searing ray.
The two-headed ogre hits you with a +0 giant club!
The two-headed ogre barely misses you.
Unknown command.
Casting: Searing Ray (safe; 3% risk of failure)
Confirm with . or Enter, or press ? or * to list all spells.
Aiming: Searing Ray (safe; 3% risk of failure)
Press: ? - help, Shift-Dir - straight line, f/p - two-headed ogre
Aim: a two-headed ogre, wielding a +0 giant club and a +0 giant spiked club (severely wounded, 11% to evade)
The searing ray hits the two-headed ogre.
The two-headed ogre is severely wounded. (Press . to maintain the ray.)
The two-headed ogre barely misses you.
The two-headed ogre hits you with a +0 giant spiked club!!
You die...

###≈≈≈≈###≈.......... #.
≈≈≈≈≈≈≈≈≈........... #?.
≈≈≈≈≈ ≈≈........... .≈##
≈≈≈≈###≈.......... . ..
#.. #≈≈#...#......)...
... .
#.⌠.#..#.⌠.#..........
.#. ..
#...#..#...#.........>
_. ...
...###O...###...........
.#....
#......@............##..
......
###.##..###........#####
...... #...## #........#
...... #.## #........# #
.o.... #.. #........# #


oo.... ## #........# # #..... #........# # #.... ########## # #### # You could
see a two-headed ogre.

Vanquished Creatures
  A kobold brigand (Sewer)
  An orc wizard (D:3)
  Natasha (thrice) (D:3)
  4 adders
  3 river rats (Sewer)
  An ooze (D:3)
  3 dart slugs
  2 leopard geckos (D:1)
  4 orcs (D:3)
  8 giant cockroaches
  6 goblins
  12 hobgoblins
  4 jackals
  12 kobolds
  A quokka (D:3)
  3 ball pythons
  12 bats
  5 frilled lizards
  11 rats
96 creatures vanquished.

Notes
Turn   | Place    | Note
-------+----------+-------------------------------------------
     0 | D:1      | DasRunzen the Demigod Conjurer began the quest for the Orb.
     0 | D:1      | Reached XP level 1. HP: 14/14 MP: 5/5
   475 | D:1      | Reached XP level 2. HP: 22/22 MP: 0/7
   478 | D:1      | Learned a level 2 spell: Searing Ray
  1056 | D:1      | Reached XP level 3. HP: 27/27 MP: 6/8
  1096 | D:1      | Reached skill level 1 in Fighting
  1099 | D:1      | Reached skill level 1 in Armour
  2288 | D:3      | Reached XP level 4. HP: 35/35 MP: 5/10
  2313 | D:3      | Noticed Natasha
  2318 | D:3      | Killed Natasha
  2319 | D:3      | Reached skill level 4 in Conjurations
  2409 | D:3      | Found a glowing drain.
  2438 | Sewer    | Entered a sewer
  2455 | Sewer    | Reached XP level 5. HP: 15/41 MP: 2/11
  3157 | D:3      | Noticed Natasha
  3161 | D:3      | Killed Natasha
  3321 | D:3      | Noticed Natasha
  3327 | D:3      | Killed Natasha
  3328 | D:3      | Reached XP level 6. HP: 44/48 MP: 8/13
  3502 | D:3      | Noticed a two-headed ogre
  3507 | D:3      | Slain by a two-headed ogre

Illustrated notes

Levels and vault maps discovered:
D:1:      ncdulo_wetmaze, layout_basic, hangedman_feature_mirror,
          minmay_pentomino_u2
D:2:      layout_rooms, lemuel_crystal_altar,
          chequers_ecumenical_altar_simple_redux
D:3:      layout_rooms, lemuel_crystal_altar, cheibrodos_sewer_entry_drain,
          chequers_mini_garden, fountainhead, uniq_natasha

Skill      XL: |  1  2  3  4  5 |
---------------+----------------+-----
Dodging        | 2 3 |  3.0
Spellcasting   | 2 3 |  3.0
Fighting       | 1 2 |  2.3
Armour         | 1 2 |  2.3
Conjurations   | 4 |  4.4
Stealth        | |  1.7

Action                   |  1- 3 |  4- 6 || total
-------------------------+-------+-------++-------
Melee: Dagger            |       |    33 ||    33
 Cast: Magic Dart        |   115 |    48 ||   163
       Searing Ray       |     2 |    11 ||    13
  Use: Scroll            |     2 |     1 ||     3
       Potion            |       |     1 ||     1
Armor: Robe              |     1 |     3 ||     4
Dodge: Dodged            |     7 |    38 ||    45

Table legend: (Time is in decaauts)
 A = Elapsed time spent in this place.
 B = Non-inter-level travel time spent in this place.
 C = Inter-level travel time spent in this place.
 D = Time resting spent in this place.
 E = Time spent auto-exploring this place.
 F = Levels seen in this place.
 G = Mean time per level.
                   A        B        C        D        E       F      G
               +--------+--------+--------+--------+--------+-----+--------+
         Total |   3563 |   3529 |     34 |    446 |   2534 |   4 |  890.8 |
       Dungeon |   2934 |   2900 |     34 |    138 |   2331 |   3 |  978.0 |
         Sewer |    629 |    629 |      0 |    308 |    202 |   1 |  629.0 |
               +--------+--------+--------+--------+--------+-----+--------+

Top non-repeatable levels by time:
     D:1: 1499 daAuts
     D:2: 815 daAuts
   Sewer: 629 daAuts
     D:3: 620 daAuts
